 Dungeon Crawl Stone Soup version 0.30-a0-358-g0d69a1922f (webtiles) character file.

Game seed: 12135814636173659791

9200 funkygono the Arsonist (level 11, -8/80 HPs)
             Began as a Yellow Draconian Fire Elementalist on Nov 8, 2022.
             Was an Elder of Vehumet.
             Mangled by a skeletal warrior
             ... wielding a +0 war axe
              (14 damage)
             ... on level 9 of the Dungeon.
             The game lasted 00:19:10 (10330 turns).

funkygono the Arsonist (DrFE)                      Turns: 10330, Time: 00:19:10

Health: -8/80      AC: 11    Str: 11    XL:     11   Next: 19%
Magic:  8/25       EV: 13    Int: 19    God:    Vehumet [****..]
Gold:   539        SH:  0    Dex: 12    Spells: 12/30 levels left

rFire   + . .      SeeInvis .    m - +4 whip (freeze)
rCold   x . .      Faith    .    (no shield)
rNeg    . . .      Spirit   .    (body armour unavailable)
rPois   .          Reflect  .    (helmet restricted)
rElec   .          Harm     .    y - +1 cloak
rCorr   +          Rampage  .    G - +1 pair of gloves
Will    .....                    (no boots)
Stlth   ++........               (no amulet)
HPRegen 0.33/turn                z - ring of wizardry
MPRegen 0.19/turn                D - ring of fire

@: no status effects
A: spit acid, AC +7, unfitting armour, cold-blooded, acid resistance
a: Breathe Acid, Renounce Religion


You were on level 9 of the Dungeon.
You worshipped Vehumet.
Vehumet was greatly pleased with you.
You visited 2 branches of the dungeon, and saw 10 of its levels.
You also visited: Sewer.

You collected 589 gold pieces.
You spent 50 gold pieces at shops.

Inventory:

Hand Weapons
 j - a +0 whip
 m - a +4 whip of freezing (weapon)
 B - a +0 whip of flaming
 E - a +2 morningstar
 F - a +3 flail
Missiles
 b - 4 throwing nets
Armour
 t - a scarf of resistance
 y - a +1 cloak (worn)
 G - a +1 pair of gloves (worn)
Magical Staves
 o - a staff of fire
 A - a staff of conjuration
 C - a staff of poison
Jewellery
 h - a ring of see invisible
 k - a +6 ring of strength
 u - a ring of flight
 z - a ring of wizardry (left hand)
 D - a ring of fire (right hand)
Wands
 a - a wand of acid (15)
 q - a wand of polymorph (6)
 r - a wand of paralysis (21)
Scrolls
 c - 3 scrolls of poison
 s - a scroll of teleportation
Potions
 d - 3 potions of resistance
 e - a potion of brilliance {unknown}
 f - 4 potions of mutation
 g - 5 potions of heal wounds
 i - 5 potions of might
 l - 2 potions of magic
 n - 2 potions of curing
 p - a potion of lignification
 v - 4 potions of flight
 w - a potion of invisibility
 x - 2 potions of ambrosia
 H - a potion of haste {unknown}
 I - a potion of attraction {unknown}


   Skills:
 + Level 2.5 Fighting
 + Level 1.8 Maces & Flails
 + Level 3.5 Dodging
 - Level 1.7 Stealth
 + Level 10.3 Spellcasting
 + Level 6.8 Conjurations
 + Level 1.2 Transmutations
 + Level 10.6 Fire Magic
 + Level 0.1 Air Magic
 * Level 3.3 Poison Magic


You had 12 spell levels left.
You knew the following spells:

 Your Spells              Type           Power      Damage    Failure   Level
a - Foxfire               Conj/Fire      100%       2x1d9     1%          1
b - Scorch                Fire           100%       2d10      1%          2
c - Kindle Blastsparks    Fire/Tloc/Air  70%        2d15      1%          3
d - Flame Wave            Conj/Fire      59%        2d14      1%          4
e - Kiss of Death         Conj/Necr      88%        2d12      1%          1
f - Olgreb's Toxic Radia  Pois           22%        N/A       2%          4
g - Ignite Poison         Fire/Tmut/Pois 43%        N/A       1%          3

Your spell library contained the following spells:

 Spells                   Type           Power      Damage    Failure   Level
 Stone Arrow              Conj/Erth      44%        3d9       1%          3
 Beastly Appendage        Tmut           28%        N/A       1%          1
 Magic Dart               Conj           100%       1d8       1%          1
 Searing Ray              Conj           70%        2d7       1%          2
 Inner Flame              Hex/Fire       45%        N/A       1%          3
 Sticky Flame             Conj/Fire      59%        2d7       1%          4
 Apportation              Tloc           18%        N/A       2%          1
 Necrotise                Necr           36%        1d5       2%          1
 Summon Small Mammal      Summ           36%        N/A       2%          1
 Wereblood                Tmut           14%        N/A       2%          2
 Fulminant Prism          Conj/Hex       11%        3d8       2%          4
 Spider Form              Tmut/Pois      18%        N/A       3%          3
 Call Canine Familiar     Summ           9%         N/A       9%          3
 Portal Projectile        Hex/Tloc       18%        N/A       9%          3
 Freezing Cloud           Conj/Ice/Air   9%         6-21      9%          5
 Petrify                  Tmut/Erth      12%        N/A       22%         4
 Leda's Liquefaction      Hex/Erth       4%         N/A       26%         4
 Iron Shot                Conj/Erth      11%        9d3       26%         6
 Blade Hands              Tmut           7%         N/A       41%         5
 Metabolic Englaciation   Hex/Ice        4%         N/A       58%         5
 Statue Form              Tmut/Erth      8%         N/A       96%         6
 Malign Gateway           Summ/Tloc      4%         N/A       100%        7
 Summon Horrible Things   Summ           4%         N/A       100%        8
 Animate Armour           Summ/Erth      Unusable   N/A       N/A         4

Dungeon Overview and Level Annotations

Branches:
Dungeon (9/15)             Temple (1/1) D:4            Lair (0/5) D:8
    Orc (0/2) D:9           Sewer (visited)

Altars:
Ashenzari
Cheibriados
Dithmenos
Elyvilon
Fedhas
Gozag
Hepliaklqana
Kikubaaqudgha
Makhleb
Nemelex Xobeh
Qazlal
Ru
Sif Muna
Trog
Uskayaw
Vehumet
Wu Jian
Xom
Yredelemnul
Zin
The Shining One

Shops:
D:3 *


Innate Abilities, Weirdness & Mutations

You can spit globs of acid.
Your golden yellow scales are hard. (AC +7)
You cannot fit into any form of body armour.
You are cold-blooded and may be slowed by cold attacks.
You are resistant to acid. (rCorr)


Message History

A yak comes into view.
Unknown command.
A wave of flame ripples out!
The flame wave engulfs the wraith!
You destroy the wraith!
Vehumet accepts your kill.
You feel your power returning.
The flame wave engulfs the skeletal warrior but does no damage.
The skeletal warrior is lightly damaged.
You hear a bellow!
A yak comes into view.
Casting: Flame Wave (safe; 1% risk of failure)
Confirm with . or Enter, or press ? or * to list all spells.
Restarting spell: Flame Wave (safe; 1% risk of failure)
Press: ? - help, Dir - look around, f - activate You feel a surge of power!
A wave of flame ripples out!
The flame wave engulfs the skeletal warrior!!
The skeletal warrior is moderately damaged. (Press . to intensify the flame waves.)
The skeletal warrior hits you with a +0 war axe!!
The skeletal warrior hits you with a +0 war axe!
A yak comes into view.
A wave of flame ripples out!
The flame wave engulfs the skeletal warrior but does no damage.
The skeletal warrior is moderately damaged.
The yak bellows!
The skeletal warrior hits you with a +0 war axe!
A wave of flame ripples out!
The flame wave engulfs the skeletal warrior but does no damage.
The skeletal warrior is moderately damaged.
The flame wave engulfs the yak!!
The yak is heavily wounded.
You feel yourself speed up.
The skeletal warrior hits you with a +0 war axe!!
* * * LOW HITPOINT WARNING * * *
A yak comes into view.
The skeletal warrior hits you with a +0 war axe.
* * * LOW HITPOINT WARNING * * *
The skeletal warrior attacks as you move away!
The skeletal warrior hits you with a +0 war axe!
You die...

..>...................#
###############.#######
#.# #.# #.# #.# #.##
######..######
#.YY.Y.Y@.....#
..Y####z#.###.# #.##..
.#. #.# .# # ## .# .#
##


You could see a skeletal warrior and 5 yaks.

Vanquished Creatures
  Pikel (D:6)
  Psyche (D:8)
  A slime creature (D:7)
  A hornet (D:6)
  Prince Ribbit (D:8)
  Sigmund (D:3)
  5 yaks (D:9)
  A shadow (D:9)
  3 wraiths (D:9)
  2 wyverns
  3 basilisks (D:8)
  2 steam dragons
  An acid dragon (D:9)
  3 water moccasins
  4 black bears
  2 swamp drakes
  An orc warrior (D:9)
  3 ice beasts
  A sky beast (D:4)
  4 ogres
  4 centaurs
  5 kobold brigands
  2 lemures (D:6)
  2 phantoms
  6 bullfrogs
  3 necrophages
  3 scorpions
  10 wights
  7 killer bees
  5 howler monkeys
  A jelly (D:8)
  4 hounds
  3 gnoll boudas
  4 orc priests
  Ijyb (D:3)
  2 iguanas (D:7)
  13 orc wizards
  Robin (D:3)
  9 gnolls
  8 adders
  2 shadow imps
  4 white imps
  A worm (D:3)
  38 orcs
  15 ball pythons
  9 endoplasms
  9 giant cockroaches
  12 goblins
  4 hobgoblins
  2 jackals (D:3)
  8 quokkas
  14 bats
  6 frilled lizards
  21 kobolds
  9 rats
288 creatures vanquished.

Vanquished Creatures (collateral kills)
  2 foxfires (Sewer)
2 creatures vanquished.

Vanquished Creatures (others)
  646 foxfires
  A plant (Sewer)
647 creatures vanquished.

Grand Total: 937 creatures vanquished

Notes
Turn   | Place    | Note
-------+----------+-------------------------------------------
     0 | D:1      | funkygono the Draconian Fire Elementalist began the quest
                  | for the Orb.
     0 | D:1      | Reached XP level 1. HP: 14/14 MP: 3/3
   174 | D:1      | Reached XP level 2. HP: 20/20 MP: 3/5
   177 | D:1      | Learned a level 2 spell: Scorch
   947 | D:2      | Reached XP level 3. HP: 26/26 MP: 1/6
   951 | D:2      | Learned a level 3 spell: Kindle Blastsparks
  1224 | D:2      | Reached XP level 4. HP: 33/33 MP: 2/8
  1760 | D:3      | Found Kuddelon's General Store.
  1784 | D:3      | Bought a potion of curing for 30 gold pieces
  1784 | D:3      | Bought a scroll of identify for 20 gold pieces
  2116 | D:3      | Noticed Sigmund
  2123 | D:3      | Killed Sigmund
  2124 | D:3      | Reached XP level 5. HP: 38/38 MP: 3/11
  2124 | D:3      | Reached XP level 6. HP: 45/45 MP: 3/12
  2269 | D:3      | Noticed Ijyb
  2283 | D:3      | Killed Ijyb
  2457 | D:3      | Noticed Robin
  2466 | D:3      | Killed Robin
  3274 | D:4      | Reached skill level 5 in Fire Magic
  3486 | D:4      | Noticed a sky beast
  3490 | D:4      | Killed a sky beast
  3491 | D:4      | Your scales start taking on a golden yellow colour.
  3491 | D:4      | Reached XP level 7. HP: 51/51 MP: 7/14
  3491 | D:4      | Gained mutation: You are resistant to acid. (rCorr) [Yellow
                  | Draconian growth]
  3736 | D:4      | Found a staircase to the Ecumenical Temple.
  3745 | Temple   | Entered the Ecumenical Temple
  3811 | Temple   | Became a worshipper of Vehumet
  4462 | D:5      | Entered Level 5 of the Dungeon
  4516 | D:5      | Reached skill level 1 in Maces & Flails
  4516 | D:5      | Reached skill level 5 in Spellcasting
  4577 | D:5      | Reached skill level 1 in Fighting
  4671 | D:5      | Found a glowing drain.
  4683 | Sewer    | Entered a sewer
  4766 | Sewer    | Learned a level 4 spell: Flame Wave
  4859 | Sewer    | Reached * piety under Vehumet
  4859 | Sewer    | Offered knowledge of Freeze by Vehumet.
  5018 | Sewer    | Reached XP level 8. HP: 58/59 MP: 8/16
  6082 | D:6      | Noticed Pikel
  6099 | D:6      | Killed Pikel
  6232 | D:6      | Reached XP level 9. HP: 64/64 MP: 14/19
  6837 | D:6      | Reached ** piety under Vehumet
  6840 | D:6      | Offered knowledge of Kiss of Death by Vehumet.
  6843 | D:6      | Learned a level 1 spell: Kiss of Death
  7349 | D:7      | Reached skill level 5 in Conjurations
  7712 | D:7      | Offered knowledge of Hailstorm by Vehumet.
  7728 | D:7      | Reached XP level 10. HP: 59/73 MP: 4/22
  7927 | D:7      | Reached *** piety under Vehumet
  8444 | D:8      | Noticed Prince Ribbit
  8453 | D:8      | Killed Prince Ribbit
  8544 | D:8      | Identified the +0 chain mail "Aluq" {Harm rElec Int-4}
  8557 | D:8      | Noticed Psyche
  8589 | D:8      | Killed Psyche
  8590 | D:8      | Offered knowledge of Olgreb's Toxic Radiance by Vehumet.
  8834 | D:8      | Reached skill level 10 in Fire Magic
  9165 | D:8      | Found a staircase to the Lair.
  9344 | D:8      | Learned a level 4 spell: Olgreb's Toxic Radiance
  9348 | D:8      | Learned a level 3 spell: Ignite Poison
  9405 | D:9      | Reached **** piety under Vehumet
  9406 | D:9      | Reached skill level 1 in Poison Magic
  9471 | D:9      | Offered knowledge of Stone Arrow by Vehumet.
  9642 | D:9      | Reached XP level 11. HP: 80/80 MP: 22/24
  9645 | D:9      | Reached skill level 10 in Spellcasting
  9805 | D:9      | Found a staircase to the Orcish Mines.
  9884 | D:9      | Reached skill level 1 in Transmutations
 10321 | D:9      | Noticed a skeletal warrior
 10330 | D:9      | Mangled by a skeletal warrior

Illustrated notes

Levels and vault maps discovered:
D:1:      nzn_arrival_settlement, layout_basic, minmay_misc_feat_ornament
D:2:      layout_rooms, serial_corexii_hall, corexii_hall_statues_i,
          corexii_hall_statues_i
D:3:      layout_basic, serial_shops, nicolae_diamond_shop, uniq_sigmund,
          uniq_ijyb, uniq_robin
D:4:      layout_basic, minmay_temple_entry_sparse_star
D:5:      layout_gridville, gup_sewer_entry_pipe
D:6:      layout_basic, uniq_pikel
D:7:      cheibrodos_barr_body, layout_gridville,
          minmay_a_box_with_orc_wizards_in_it
D:8:      layout_rooms, erik_lair_dragon, chequers_serial_rivers_micro_b,
          uniq_prince_ribbit1, uniq_psyche
D:9:      layout_small_grid, hellmonk_okawaru_the_only_friend_you_need,
          erik_orc_1, minmay_guarded_unrand_finisher
Temple:   mainiacjoe_temple_archimedes_tessellation

Skill      XL: |  1  2  3  4  5  6  7  8  9 10 11 |
---------------+----------------------------------+-----
Spellcasting   | 3 4 5 7 8 9 10 | 10.3
Conjurations   | 2 3 4 6 |  6.8
Dodging        | 2 3 |  3.5
Fire Magic     | 4 5 6 7 9 10 | 10.6
Maces & Flails | 1 |  1.8
Fighting       | 1 2 |  2.5
Poison Magic   | 2 3 |  3.3
Transmutations | 1 |  1.2
Stealth        | |  1.7
Air Magic      | |  0.1

Action                   |  1- 3 |  4- 6 |  7- 9 | 10-12 || total
-------------------------+-------+-------+-------+-------++-------
Melee: Club              |     2 |       |       |       ||     2
       Punch             |     1 |       |     1 |       ||     2
       Whip              |     2 |    18 |    37 |    25 ||    82
       Tailslap          |       |     2 |     7 |     3 ||    12
 Cast: Foxfire           |    47 |    74 |   141 |   124 ||   386
       Scorch            |     3 |    19 |    48 |    37 ||   107
       Flame Wave        |       |       |    11 |     9 ||    20
       Kindle Blastspark |       |       |     1 |       ||     1
       Olgreb's Toxic Ra |       |       |       |    12 ||    12
       Ignite Poison     |       |       |       |    11 ||    11
 Abil: Breathe Acid      |       |       |     1 |       ||     1
  Use: Potion            |       |     1 |       |     1 ||     2
       Scroll            |       |       |    18 |     4 ||    22
Armor: Skin              |     9 |     6 |    44 |    20 ||    79
Dodge: Dodged            |    13 |    22 |    64 |    47 ||   146

Table legend: (Time is in decaauts)
 A = Elapsed time spent in this place.
 B = Non-inter-level travel time spent in this place.
 C = Inter-level travel time spent in this place.
 D = Time resting spent in this place.
 E = Time spent auto-exploring this place.
 F = Levels seen in this place.
 G = Mean time per level.
                   A        B        C        D        E       F      G
               +--------+--------+--------+--------+--------+-----+--------+
         Total |  10334 |  10113 |    221 |    833 |   7695 |  11 |  939.5 |
       Dungeon |   9615 |   9418 |    197 |    833 |   7113 |   9 | 1068.3 |
        Temple |    207 |    184 |     23 |      0 |    158 |   1 |  207.0 |
         Sewer |    511 |    511 |      0 |      0 |    424 |   1 |  511.0 |
               +--------+--------+--------+--------+--------+-----+--------+

Top non-repeatable levels by time:
     D:3: 1426 daAuts
     D:7: 1350 daAuts
     D:5: 1077 daAuts
     D:4: 1069 daAuts
     D:6: 1035 daAuts
     D:9: 982 daAuts
     D:8: 915 daAuts
     D:2: 893 daAuts
     D:1: 862 daAuts
   Sewer: 511 daAuts
  Temple: 207 daAuts
